 Dungeon Crawl Stone Soup version 0.31-a0-472-g43a2ca8e1b (webtiles) character file.

Game seed: 17956994787524490067

735 Ethylacetat the Changeling (level 7, -8/48 HPs)
             Began as an Octopode Shapeshifter on Aug 6, 2023.
             Killed from afar by an electric eel (14 damage)
             ... with a bolt of electricity
             ... on level 6 of the Dungeon.
             The game lasted 00:05:28 (3805 turns).

Ethylacetat the Changeling (Octopode Shapeshifter)  Turns: 3805, Time: 00:05:29

Health: -8/48      AC:  5    Str: 14    XL:     7   Next: 74%
Magic:  7/7        EV: 13    Int: 11    God:
Gold:   151        SH:  5    Dex: 14    Spells: 6/6 levels left

rFire   . . .        k - +1 dagger (protect)
rCold   . . .        (no shield)
rNeg    . . .        (helmet currently unavailable)
rPois   .            v - amulet of reflection
rElec   .            m - +4 ring of protection
rCorr   .            (no ring)
SInv    .            (no ring)
Will    .....        (no ring)
Stlth   ++           (no ring)
HPRegen 0.28/turn    (no ring)
MPRegen 0.10/turn    (no ring)
                     (no ring)

%: reflection
@: beast-form
A: beast (slay +4), almost no armour, amphibious, 8 rings, camouflage 1,
gelatinous body 1, (nimble swimmer 1), tentacles
a: Begin Untransformation


You were on level 6 of the Dungeon.
You were a hulking beast.
You visited 1 branch of the dungeon, and saw 6 of its levels.

You collected 206 gold pieces.
You spent 55 gold pieces at shops.

Inventory:

Hand Weapons
 k - a +1 dagger of protection (weapon)
Jewellery
 m - a +4 ring of protection (left tentacle)
 v - an amulet of reflection (around mantle)
Talismans
 b - a beast talisman (active)
Wands
 q - a wand of flame (1)
 y - a wand of roots (3)
Scrolls
 c - 2 scrolls of enchant weapon {unknown}
 d - a scroll of blinking {unknown}
 e - 7 scrolls of identify
 g - a scroll of fear {unknown}
 h - 3 scrolls of noise {unknown}
 i - a scroll of summoning {unknown}
 j - a scroll of amnesia {unknown}
 l - 3 scrolls of revelation {unknown}
 n - a scroll of torment {unknown}
 o - a scroll of poison {unknown}
 u - 3 scrolls of teleportation
 x - 2 scrolls of immolation {unknown}
Potions
 a - a potion of lignification
 f - 2 potions of haste {unknown}
 p - 2 potions of magic {unknown}
 r - 3 potions of curing {unknown}
 s - a potion of ambrosia {unknown}
 t - a potion of berserk rage {unknown}
 w - a potion of attraction {unknown}


   Skills:
 + Level 4.0 Fighting
 - Level 2.0 Dodging
 + Level 5.1 Unarmed Combat
 * Level 5.8 Shapeshifting


You had 6 spell levels left.
You didn't know any spells.
Your spell library contained the following spells:

 Spells                   Type           Power      Damage    Failure   Level
 Magic Dart               Conj           0%         1d3       34%         1
 Call Imp                 Summ           0%         N/A       47%         2
 Cigotuvi's Dreadful Rot  Necr/Pois/Air  0%         N/A       47%         2
 Static Discharge         Conj/Air       0%         2-2/arc   47%         2
 Call Canine Familiar     Summ           0%         N/A       71%         3
 Mephitic Cloud           Conj/Pois/Air  0%         N/A       71%         3
 Swiftness                Air            0%         N/A       71%         3
 Dispel Undead            Necr           0%         3d6       98%         4
 Death Channel            Necr           0%         N/A       100%        6


Dungeon Overview and Level Annotations

Branches:
Dungeon (6/15)
 Temple: D:4-7

Altars:

Shops:
D:4 ?


Innate Abilities, Weirdness & Mutations

You are a hulking beast.
Your limbs bulge with bestial killing power. (Slay +4)
You cannot wear most types of armour.
You are amphibious.
You can wear up to eight rings at the same time.
Your skin changes colour to match your surroundings (Stealth+).
Your rubbery body absorbs attacks. (AC +1, EV +1)
((You are camouflaged when in or above water. (Stealth+)))
You have tentacles for arms and can constrict up to eight enemies at once.


Message History

A shadow imp and an electric eel come into view.
The shadow imp shouts!
The electric eel shoots out a bolt of lightning at you!
The bolt of electricity hits you. The orc closely misses you.
The orc hits the plant with a +0 trident.
A nearby plant withers and dies.
Found a short sword.
Found an escape hatch in the floor.
The orc throws a boomerang.
The boomerang hits you.
A scorpion comes into view.
The orc barely misses you.
You hit the orc but do no damage.
Your weapon exudes an aura of protection.
You grab the orc. You squeeze the orc.
The orc is heavily wounded.
You constrict the orc, but do no damage.
The orc misses you.
You hit the orc but do no damage.
The orc is heavily wounded.
You constrict the orc, but do no damage.
The orc hits you with a +0 trident. The ogre closely misses you.
You hit the orc but do no damage. You squeeze the orc, but do no damage.
The orc is heavily wounded.
You constrict the orc. The orc hits you but does no damage.
You hit the orc.
You kill the orc!
The ogre barely misses you. The ogre attacks as you move away!
The ogre hits you with a +0 giant club!
Items here: ( ) [ †.
The shadow imp gestures at you. Pain shoots through your body!
* * * LOW HITPOINT WARNING * * *
The shadow imp gestures at you. Pain shoots through your body!
* * * LOW HITPOINT WARNING * * *
The shadow imp attacks as you move away!
The shadow imp hits you but does no damage.
The electric eel shoots out a bolt of lightning at you!
The bolt of electricity hits you!
You die...

#.....#
#>....#.#.. ..
#....##.#.♣♣..
#....+ ...~~P.
#....# .~~~~.~
##..5.# P~.~~~~
#..<.O##P.~~≈~.
#...#..#.S~≈~.~
#...##.h.~~~~~~
#...####.~~~~~~
#...# .P~~.~~
#.... ..~.~~~
#.#.# #.P~~~P
#.#.# ..P...
######


You could see an ogre, an electric eel and a shadow imp.

Vanquished Creatures
  Duvessa (D:5)
  A black bear (D:4)
  2 scorpions (D:5)
  Dowan (D:5)
  A jelly (D:5)
  Crazy Yiuf (D:5)
  A hound (D:5)
  2 iguanas (D:5)
  Ijyb (D:5)
  2 gnolls
  8 adders
  An ufetubus (D:4)
  3 worms
  6 dart slugs
  4 orcs
  5 ball pythons
  3 bats
  8 endoplasms
  6 giant cockroaches
  6 goblins
  5 hobgoblins
  4 jackals
  4 quokkas
  A frilled lizard (D:1)
  11 kobolds
  6 rats
94 creatures vanquished.

Notes
Turn   | Place    | Note
-------+----------+-------------------------------------------
     0 | D:1      | Ethylacetat the Octopode Shapeshifter began the quest for
                  | the Orb.
     0 | D:1      | Reached XP level 1. HP: 13/13 MP: 1/1
   119 | D:1      | Reached XP level 2. HP: 18/18 MP: 2/2
   169 | D:1      | Reached XP level 3. HP: 18/23 MP: 3/3
   721 | D:2      | Reached XP level 4. HP: 29/29 MP: 4/4
  1647 | D:3      | Reached XP level 5. HP: 33/34 MP: 5/5
  1815 | D:3      | Got the Elucidation of Congregated Ouranomancy
  1820 | D:3      | Found a faded altar of an unknown god.
  2673 | D:4      | Noticed a black bear
  2687 | D:4      | Killed a black bear
  2688 | D:4      | Reached XP level 6. HP: 41/41 MP: 6/6
  2932 | D:4      | Found Setius's Magic Scroll Boutique.
  2945 | D:4      | Bought a scroll of teleportation for 33 gold pieces
  2945 | D:4      | Bought a scroll of identify for 22 gold pieces
  3044 | D:5      | Entered Level 5 of the Dungeon
  3125 | D:5      | Reached skill level 5 in Shapeshifting
  3203 | D:5      | Reached XP level 7. HP: 41/46 MP: 7/7
  3232 | D:5      | Noticed Ijyb
  3243 | D:5      | Killed Ijyb
  3260 | D:5      | Noticed Duvessa
  3261 | D:5      | Noticed Dowan
  3286 | D:5      | Killed Duvessa
  3415 | D:5      | Killed Dowan
  3487 | D:5      | Reached skill level 5 in Unarmed Combat
  3587 | D:5      | Found a runed translucent door.
  3588 | D:5      | Noticed Crazy Yiuf
  3599 | D:5      | Killed Crazy Yiuf
  3805 | D:6      | Killed from afar by an electric eel

Illustrated notes

Levels and vault maps discovered:
D:1:      scummos_arrival_hexagon, layout_basic, item_on_display_b
D:2:      layout_basic
D:3:      layout_loops_cross, basic_ecumenical_altar,
          hangedman_abyss_or_decor_stabs, minmay_misc_feat_secret_circle,
          hangedman_abyss_or_decor_lesser_grid
D:4:      minmay_chambers_of_twos, layout_loops_cross, serial_shops, shop,
          serial_rivers, chequers_serial_rivers_micro_b,
          chequers_serial_rivers_room_b, chequers_serial_rivers_room_a,
          chequers_serial_rivers_small_3, chequers_serial_rivers_room_a,
          dk_vineyard_3
D:5:      layout_rooms, chequers_arboretum, uniq_ijyb, uniq_crazy_yiuf_cottage,
          uniq_duvessa
D:6:      minmay_polygon_palace, layout_basic, eat_drink_and_be_merry_uskayaw,
          serial_bayou, serial_bayou_shore_a, serial_bayou_crossing,
          serial_bayou_pond_b, serial_bayou_shore_b, minivault_11, uniq_edmund,
          uniq_pikel

Skill      XL: |  1  2  3  4  5  6  7 |
---------------+----------------------+-----
Fighting       | 2 3 4 |  4.0
Shapeshifting  | 4 5 |  5.8
Unarmed Combat | 4 5 |  5.1
Dodging        | |  2.0

Action                     |  1- 3 |  4- 6 |  7- 9 || total
---------------------------+-------+-------+-------++-------
  Melee: Unarmed           |    57 |    80 |       ||   137
         Constrict         |    17 |    31 |     9 ||    57
         Tentacles         |    11 |    27 |    10 ||    48
         Punch             |     2 |     5 |     1 ||     8
         Dagger            |       |    38 |    40 ||    78
  Evoke: Wand              |       |     3 |     8 ||    11
   Stab: Sleeping          |     8 |    13 |     1 ||    22
 Armour: Skin              |     4 |    20 |    23 ||    47
  Dodge: Dodged            |    27 |    73 |    21 ||   121
  Block: Other             |       |     4 |     6 ||    10

Table legend: (Time is in decaauts)
 A = Elapsed time spent in this place.
 B = Non-inter-level travel time spent in this place.
 C = Inter-level travel time spent in this place.
 D = Time resting spent in this place.
 E = Time spent auto-exploring this place.
 F = Levels seen in this place.
 G = Mean time per level.
                   A        B        C        D        E       F      G
               +--------+--------+--------+--------+--------+-----+--------+
         Total |   3795 |   3661 |    134 |    118 |   2875 |   6 |  632.5 |
       Dungeon |   3795 |   3661 |    134 |    118 |   2875 |   6 |  632.5 |
               +--------+--------+--------+--------+--------+-----+--------+

Top non-repeatable levels by time:
     D:4: 1072 daAuts
     D:2: 903 daAuts
     D:3: 672 daAuts
     D:5: 609 daAuts
     D:1: 505 daAuts
     D:6: 31 daAuts
